 Dungeon Crawl Stone Soup version 0.16-a0-395-g6404e95 (console) character file.

1166 gw the Cudgeler (level 8, -8/73 HPs)
             Began as a Naga Fighter on Sept 15, 2014.
             Was a Follower of Zin.
             Killed by divine providence
             ... invoked by an orc priest
              (13 damage)
             ... on Level 5 of the Dungeon.
             The game lasted 00:03:57 (5769 turns).

gw the Cudgeler (Naga Fighter)                      Turns: 5769, Time: 00:03:57

HP  -8/73        AC 14     Str 19      XL: 8   Next: 40%
MP   8/8         EV  3     Int 11      God: Zin [*.....]
Gold 205         SH 10     Dex 16      Spells:  0 memorised,  7 levels left

rFire  . . .     SeeInvis +     a - +1 flail
rCold  . . .     Clarity  .     t - +0 chain mail
rNeg   . . .     rCorr    .     c - +0 shield
rPois  +         rRot     .     (no helmet)
rElec  .         Spirit   .     r - +2 cloak {MR+}
SustAb .         Warding  .     g - +2 pair of gloves {Dex+3}
rMut   .         Stasis   .     (no barding)
Gourm  .                        i - amulet of rage
MR     ++...                    (no ring)
                                (no ring)

@: exhausted, vitalised, short of breath, slowed, very slow, very resistant to
hostile enchantments, extremely unstealthy
A: spit poison, see invisible, deformed body, poison resistance, slowness 2, AC
+2
a: Spit Poison, Recite, Renounce Religion, Evoke Berserk Rage


You were on level 5 of the Dungeon.
You worshipped Zin.
Zin was aware of your devotion.
You were not hungry.

You visited 1 branch of the dungeon, and saw 5 of its levels.

You collected 227 gold pieces.
You donated 22 gold pieces to Zin.

Inventory:

Hand weapons
 a - a +1 flail (weapon)
Missiles
 f - 276 stones (quivered)
 j - 7 curare-tipped needles
 l - 41 poisoned needles
Armour
 c - a +0 shield (worn)
 g - a +2 pair of gloves of dexterity (worn)
 r - a +2 cloak of magic resistance (worn)
 t - a +0 chain mail (worn)
Magical devices
 b - a wand of lightning (8) {unknown}
 y - a wand of digging (0)
Comestibles
 d - 3 bread rations
 n - 2 fruits
 q - 4 meat rations
 s - 3 beef jerkies
Scrolls
 h - 3 scrolls of identify
 k - a scroll of magic mapping
 m - a scroll of amnesia
 p - 3 scrolls of remove curse
 u - a scroll of fear {unknown}
Jewellery
 i - an amulet of rage (around neck)
Potions
 o - 3 potions of curing


   Skills:
 + Level 4.9 Fighting
 * Level 6.1 Maces & Flails
 + Level 3.1 Throwing
 + Level 4.0 Armour
 + Level 4.1 Shields


You had 7 spell levels left.
You didn't know any spells.

Dungeon Overview and Level Annotations

Branches:
Dungeon (5/15)             Temple (0/1) D:5

Altars:
Ashenzari
Dithmenos
Elyvilon
Vehumet
Zin


Innate Abilities, Weirdness & Mutations

You cannot wear boots.
You can spit poison.
Your serpentine skin is tough (AC +2).
You have supernaturally acute eyesight.
Armour fits poorly on your strangely shaped body.
Your system is resistant to poisons.
You cover ground very slowly.


Message History

"Zin spoke of the doctrine of lawfulness, and..."
You block the orc warrior's attack.
The orc warrior hits you but does no damage.
Use which ability? (? or * to list)
Press: ? - help, Shift-Dir - straight line, f/p - orc warrior
Aim: an orc warrior, wielding a hand axe and wearing a chain mail (moderately wounded)
The splash of poison misses the orc warrior.
The splash of poison misses the adder.
The splash of poison hits the orc priest.
The orc priest is poisoned.
The orc priest is heavily wounded.
Your recitation is interrupted.
You feel short of breath.
You feel slightly more hungry. You block the orc warrior's attack.
ATTACK MOVE TO (1,0)
You hit the orc warrior.
The orc warrior is moderately wounded.
The orc priest calls down the wrath of Beogh upon you.
Something smites you!
You die...

# ##### .. .... .....
.o###...######...#########
......##NoSo##...........
###....o#.####[#.#.<......#
#.......#. #.#....#### ##
#....o..#. #.#.......####
.## #..oo.#. #.#..####.....
..# #.)...## ##.#..# ######
..##### #.#....####.##.##
......###.#.##.........#
..###..#....######[###.#


You could see an orc warrior, an orc priest and an adder.

Table legend:
 A = Turns spent in this place as a percentage of turns spent in the entire game.
 B = Non-inter-level travel turns spent in this place as a percentage of non-inter-level travel turns spent in the entire game.
 C = Inter-level travel turns spent in this place as a percentage of turns spent in this place.
 D = Turns resting spent in this place as a percentage of non-inter-level travel turns spent in this place.
 E = Turns spent auto-exploring this place as a percentage of non-inter-level travel turns spent in this place.
 F = Non-inter-level travel turns spent in this place divided by the number of levels of this place that you've seen.
                   A       B       C       D       E      F
               +-------+-------+-------+-------+-------+----------------------
         Total | 100.0 | 100.0 |   1.7 |   4.7 |  10.0 | 421.8
       Dungeon | 100.0 | 100.0 |   1.7 |   4.7 |  10.0 | 421.8
               +-------+-------+-------+-------+-------+----------------------

Table legend:
 A = Kills in this place as a percentage of kills in entire the game.
 B = Kills by you in this place as a percentage of kills by you in the entire game.
 C = Kills by friends in this place as a percentage of kills by friends in the entire game.
 D = Other kills in this place as a percentage of other kills in the entire game.
 E = Experience gained in this place as a percentage of experience gained in the entire game.
 F = Experience gained in this place divided by the number of levels of this place that you have seen.
                   A       B       C       D       E      F
               +-------+-------+-------+-------+-------+----------------------
         Total | 100.0 | 100.0 |  -nan |  -nan | 100.0 | 333.2
       Dungeon | 100.0 | 100.0 |  -nan |  -nan | 100.0 | 333.2
               +-------+-------+-------+-------+-------+----------------------

Vanquished Creatures
  The ghost of gw the Cudgeler, an experienced DsGl of Makhleb (D:5)
  An ogre (D:5)
  A phantom (D:4)
  A centaur (D:4)
  A goliath beetle (D:5)
  4 worker ants
  A hound (D:5)
  4 orc wizards (D:4)
  A gnoll shaman (D:5)
  2 iguanas
  Ijyb (D:3)
  An ogre skeleton (D:4)
  6 gnolls (D:5)
  4 adders
  2 worms
  An iguana skeleton (D:5)
  7 giant geckos
  13 orcs
  4 ball pythons
  3 giant cockroaches
  11 hobgoblins
  10 jackals
  17 kobolds
  A quokka (D:5)
  8 bats
  6 giant newts
  21 goblins
  7 rats
140 creatures vanquished.

Notes
Turn   | Place    | Note
--------------------------------------------------------------
     0 | D:1      | gw, the Naga Fighter, began the quest for the Orb.
     0 | D:1      | Reached XP level 1. HP: 21/21 MP: 1/1
   320 | D:1      | Reached XP level 2. HP: 28/28 MP: 2/2
   829 | D:2      | Reached XP level 3. HP: 34/34 MP: 3/3
   868 | D:2      | Found a radiant altar of Vehumet.
   934 | D:2      | Found a shattered altar of Ashenzari.
  1120 | D:2      | Reached skill level 1 in Throwing
  1483 | D:2      | Found a glowing silver altar of Zin.
  1487 | D:2      | Became a worshipper of Zin the Law-Giver
  1521 | D:2      | Reached XP level 4. HP: 30/42 MP: 4/4
  2626 | D:3      | Noticed Ijyb
  2641 | D:3      | Killed Ijyb
  2641 | D:3      | Reached XP level 5. HP: 45/49 MP: 5/5
  3086 | D:3      | Found a shadowy altar of Dithmenos.
  3576 | D:4      | Reached skill level 4 in Maces & Flails
  3579 | D:4      | Reached XP level 6. HP: 51/57 MP: 6/6
  3834 | D:4      | Noticed a phantom
  3893 | D:4      | Killed a phantom
  4051 | D:4      | Acquired Zin's first power
  4382 | D:4      | Noticed a centaur
  4389 | D:4      | Killed a centaur
  4389 | D:4      | Reached XP level 7. HP: 60/64 MP: 7/7
  4757 | D:4      | Reached skill level 5 in Maces & Flails
  5024 | D:5      | Entered Level 5 of the Dungeon
  5191 | D:5      | Found a white marble altar of Elyvilon.
  5509 | D:5      | Noticed gw's ghost (experienced DsGl)
  5509 | D:5      | Found a staircase to the Ecumenical Temple.
  5523 | D:5      | Killed gw's ghost
  5523 | D:5      | Reached skill level 6 in Maces & Flails
  5523 | D:5      | Reached XP level 8. HP: 73/73 MP: 8/8
  5659 | D:5      | Acquired Zin's second power
  5764 | D:5      | HP: 3/73 [orc warrior/hand axe (15)]
  5769 | D:5      | Killed from afar by an orc priest

Action                   |  1- 3 |  4- 6 |  7- 9 || total
-------------------------+-------+-------+-------++-------
Melee: Flail             |   111 |   189 |   105 ||   405
Throw: Stone             |    55 |   161 |    19 ||   235
Invok: Recite            |       |       |     6 ||     6
       Vitalisation      |       |       |     6 ||     6
 Abil: Spit Poison       |     3 |    17 |    11 ||    31
       Evoke Berserk Rag |       |     1 |     3 ||     4
Evoke: Wand              |       |       |     1 ||     1
  Use: Scroll            |     1 |     6 |     4 ||    11
       Potion            |     1 |     2 |     5 ||     8
  Eat: Chunk             |     2 |     7 |     2 ||    11
       Bread ration      |       |     1 |     1 ||     2

Vault maps used:
D:1:      dpeg_arrival_snail, minmay_misc_feat_room
D:2:      overflow_temple_1_default, zin_scriptorium, vehumet_crystals,
          first_bread
D:3:      kennysheep_goblin_castle, grunt_dithmenos_smoke, uniq_iyjb
D:5:      overflow_temple_1_default, nicolae_overflow_hidden_temple,
          minmay_temple_entry_junction2, chei_beetle_safe_becter
